 Dungeon Crawl Stone Soup version 0.28-a0-556-gab23d0e057 (webtiles) character file.

Game seed: 13621024524406108011

2704 olmar the Magician (level 9, -1/71 HPs)
             Began as a Gnoll Warper on Sept 29, 2021.
             Was a Believer of Qazlal.
             Succumbed to a killer bee's poison
             ... on level 7 of the Dungeon.
             The game lasted 00:19:48 (12468 turns).

olmar the Magician (Gnoll Warper)                  Turns: 12468, Time: 00:19:49

Health: -1/71      AC:  9    Str: 10    XL:     9   Next: 65%
Magic:  17/19      EV: 15    Int: 13    God:    Qazlal [**....]
Gold:   331        SH:  2    Dex: 15    Spells: 15/21 levels left

rFire   . . .      SeeInvis .   x - +1 dagger (flame)
rCold   . . .      Faith    .   (no shield)
rNeg    . . .      Spirit   .   D - +0 steam dragon scales
rPois   .          Reflect  .   K - +1 helmet
rElec   .          Harm     .   (no cloak)
rCorr   +          Rampage  .   (no gloves)
Will    +....      Rage     1%  s - +0 pair of boots
Stlth   ++........              (no amulet)
HPRegen 0.21/turn               h - ring of willpower
MPRegen 0.16/turn               e - ring of resist corrosion

@: brilliant, lethally poisoned (-1 -> -4), on berserk cooldown, attractive,
slowed, very slow
A: fangs 1, strong nose, distributed training, berserk 1
a: Renounce Religion, Upheaval


You were on level 7 of the Dungeon.
You worshipped Qazlal.
Qazlal was pleased with you.
You visited 1 branch of the dungeon, and saw 8 of its levels.

You collected 331 gold pieces.

Inventory:

Hand Weapons
 a - a +0 mace
 o - a +0 dagger
 r - a +0 dagger of freezing
 x - a +1 dagger of flaming (weapon)
 C - a +0 hunting sling
Missiles
 d - 3 boomerangs of dispersal
 t - 81 sling bullets
 E - 2 boomerangs
Armour
 b - a +0 leather armour
 j - a +2 robe
 s - a +0 pair of boots (worn)
 w - a +0 helmet
 D - +0 steam dragon scales (worn)
 K - a +1 helmet (worn)
Jewellery
 e - a ring of resist corrosion (right hand)
 h - a ring of willpower (left hand)
 k - a ring of ice
 n - a +4 ring of protection
 G - a ring of protection from cold
 I - a ring of flight
Wands
 L - a wand of charming (6)
Scrolls
 c - a scroll of blinking
 f - a scroll of vulnerability {unknown}
 i - a scroll of enchant armour {unknown}
 l - 4 scrolls of identify
 m - 2 scrolls of teleportation
 v - a scroll of fear {unknown}
 y - 2 scrolls of fog {unknown}
 A - a scroll of silence {unknown}
 H - a scroll of magic mapping {unknown}
Potions
 g - a potion of lignification
 p - a potion of attraction
 q - 3 potions of brilliance
 z - a potion of flight {unknown}
 B - a potion of might {unknown}
 J - a potion of haste {unknown}


   Skills:
 + Level 6.4 Fighting
 + Level 4.4 Short Blades
 + Level 4.4 Long Blades
 + Level 4.4 Axes
 + Level 6.4 Maces & Flails
 + Level 4.4 Polearms
 + Level 4.4 Staves
 + Level 4.4 Slings
 + Level 4.4 Bows
 + Level 4.4 Crossbows
 + Level 5.2 Throwing
 + Level 5.2 Armour
 + Level 6.4 Dodging
 + Level 4.4 Stealth
 + Level 4.4 Shields
 + Level 4.4 Unarmed Combat
 + Level 6.8 Spellcasting
 + Level 3.6 Conjurations
 + Level 3.6 Hexes
 + Level 3.6 Summonings
 + Level 3.6 Necromancy
 + Level 6.6 Translocations
 + Level 3.6 Transmutations
 + Level 3.6 Fire Magic
 + Level 3.6 Ice Magic
 + Level 3.6 Air Magic
 + Level 3.6 Earth Magic
 + Level 3.6 Poison Magic
 + Level 4.9 Invocations
 + Level 4.4 Evocations


You had 15 spell levels left.
You knew the following spells:

 Your Spells              Type           Power      Damage    Failure   Level
a - Blink                 Tloc           N/A        N/A       1%          2
b - Swiftness             Air            21%        N/A       11%         3
c - Shock                 Conj/Air       84%        1d8       3%          1

Your spell library contained the following spells:

 Spells                   Type           Power      Damage    Failure   Level
 Gell's Gravitas          Tloc           16%        N/A       3%          3
 Lesser Beckoning         Tloc           32%        N/A       3%          3
 Teleport Other           Tloc           32%        N/A       3%          3
 Manifold Assault         Tloc           32%        N/A       28%         5
 Airstrike                Air            10%        N/A       34%         4


Dungeon Overview and Level Annotations

Branches:
Dungeon (8/15)             Temple (0/1) D:6
   Lair: D:8-11

Altars:
Gozag
Hepliaklqana
Nemelex Xobeh
Okawaru
Qazlal
Sif Muna
Uskayaw

Shops:
D:4 [   D:7 *

Annotations:
D:4 2 transporters, shoop's ghost, novice VSWr


Innate Abilities, Weirdness & Mutations

You have very sharp teeth.
Your uncanny sense of smell can sniff out nearby items.
Your experience applies equally to all skills.
You tend to lose your temper in combat.


Message History

You feel sick. The killer bee stings you!
* * * LOW HITPOINT WARNING * * *
You are lethally poisoned!
The killer bee poisons you!
The killer bee stings you but does no damage.
Unknown command.
It was a potion of berserk rage.
A red film seems to cover your vision as you go berserk!
You feel yourself moving faster!
You feel mighty!
* * * LOW HITPOINT WARNING * * *
You feel very sick. You block the killer bee's attack.
The killer bee barely misses you.
Unknown command.
Unknown command.
You puncture the killer bee! You burn the killer bee.
You kill the killer bee!
Qazlal accepts your kill.
* * * LOW HITPOINT WARNING * * *
You feel sick.
Unknown command.
* * * LOW HITPOINT WARNING * * *
You feel sick.
There is a lethal amount of poison in your body!
There is a lethal amount of poison in your body!
You feel a strong urge to attack something.
* * * LOW HITPOINT WARNING * * *
You feel sick.
You are too berserk!
Unknown command.
You are too berserk!
You are too berserk!
* * * LOW HITPOINT WARNING * * *
You feel sick.
You feel your anger nearly subside.
You are no longer berserk.
You are exhausted.
You feel yourself slow down.
Unknown command.
It was a potion of mutation.
You feel extremely strange.
You feel a little pissed off.
You die...

####'##...#..........#.....#
......#...#..........'.....#
......#...#..######..#.....#
......#...#..##..##..#.....#
......#...#......#...#.....#
......#...#...>†.#...#.....#
......#...#......#...#.....#
......#...#......#...#.....#
......#..######.@#...#.....#
......##'##..##..#####.....#
......#......##..##..#.....#
......+..............#.....#
......#..######°.....#.....#
......#..##..##......'.....#
......#......#########.....#
......#......#.............#
......#..#####.............#


There were no monsters in sight!

Vanquished Creatures
  A hornet (D:7)
  3 steam dragons
  A water moccasin (D:5)
  An ice beast (D:7)
  A necrophage (D:7)
  4 ogres
  2 phantoms (D:5)
  A scorpion (D:7)
  A water moccasin skeleton (D:5)
  2 killer bees (D:7)
  5 wights (D:7)
  6 jellies (D:5)
  A centaur zombie (D:4)
  3 bullfrog zombies
  2 centaur skeletons
  A hound (D:4)
  2 orc priests
  Jessica (D:3)
  2 iguanas
  An orc wizard (D:3)
  A howler monkey zombie (D:7)
  Robin (D:3)
  A howler monkey skeleton (D:7)
  3 gnolls (D:6)
  11 adders
  A white imp (D:7)
  An ufetubus (D:6)
  An adder skeleton (D:4)
  3 worms (D:2)
  3 dart slugs
  24 orcs
  8 ball pythons
  11 endoplasms
  4 giant cockroaches
  17 goblins
  4 hobgoblins
  12 jackals
  4 quokkas
  5 bats
  6 kobolds
  5 rats
167 creatures vanquished.

Vanquished Creatures (others)
  A steam dragon (D:6)
1 creature vanquished.

Grand Total: 168 creatures vanquished

Notes
Turn   | Place    | Note
-------+----------+-------------------------------------------
     0 | D:1      | olmar the Gnoll Warper began the quest for the Orb.
     0 | D:1      | Reached XP level 1. HP: 20/20 MP: 6/6
   190 | D:1      | Reached XP level 2. HP: 15/26 MP: 7/7
  1271 | D:1      | Found a faded altar of an unknown god.
  1322 | D:1      | Reached XP level 3. HP: 31/31 MP: 9/9
  1717 | D:1      | Reached skill level 5 in Spellcasting
  2108 | D:2      | Reached skill level 1 in Invocations
  2537 | D:2      | Reached skill level 1 in Short Blades
  2537 | D:2      | Reached skill level 1 in Long Blades
  2537 | D:2      | Reached skill level 1 in Axes
  2537 | D:2      | Reached skill level 1 in Polearms
  2537 | D:2      | Reached skill level 1 in Staves
  2537 | D:2      | Reached skill level 1 in Slings
  2537 | D:2      | Reached skill level 1 in Bows
  2537 | D:2      | Reached skill level 1 in Crossbows
  2537 | D:2      | Reached skill level 1 in Stealth
  2537 | D:2      | Reached skill level 1 in Shields
  2537 | D:2      | Reached skill level 1 in Unarmed Combat
  2537 | D:2      | Reached skill level 1 in Evocations
  2908 | D:2      | Reached XP level 4. HP: 35/38 MP: 11/11
  3459 | D:3      | Found an iron altar of Okawaru.
  3514 | D:3      | Found a shimmering blue altar of Sif Muna.
  3521 | D:3      | Noticed Jessica
  3544 | D:3      | Reached skill level 1 in Conjurations
  3544 | D:3      | Reached skill level 1 in Hexes
  3544 | D:3      | Reached skill level 1 in Summonings
  3544 | D:3      | Reached skill level 1 in Necromancy
  3544 | D:3      | Reached skill level 1 in Transmutations
  3544 | D:3      | Reached skill level 1 in Fire Magic
  3544 | D:3      | Reached skill level 1 in Ice Magic
  3544 | D:3      | Reached skill level 1 in Air Magic
  3544 | D:3      | Reached skill level 1 in Earth Magic
  3544 | D:3      | Reached skill level 1 in Poison Magic
  3563 | D:3      | Killed Jessica
  3564 | D:3      | Reached XP level 5. HP: 20/43 MP: 12/12
  3780 | D:3      | Learned a level 2 spell: Blink
  3986 | D:3      | Found a stormy altar of Qazlal.
  3999 | D:3      | Became a worshipper of Qazlal Stormbringer
  4063 | D:3      | Noticed an ogre
  4082 | D:4      | Noticed shoop's ghost (novice VSWr)
  4082 | D:4      | Found a transporter.
  4275 | D:4      | Found Kaujat's Antique Armour Shop.
  4451 | D:4      | Reached XP level 6. HP: 33/50 MP: 13/13
  4986 | D:4      | Reached skill level 5 in Fighting
  4986 | D:4      | Reached skill level 5 in Maces & Flails
  4986 | D:4      | Reached skill level 5 in Dodging
  5018 | D:4      | Found a hazy altar of Hepliaklqana.
  5319 | D:4      | Found a transporter.
  5589 | D:5      | Entered Level 5 of the Dungeon
  5605 | D:5      | Noticed a water moccasin
  5797 | D:5      | Learned a level 3 spell: Swiftness
  6167 | D:3      | Learned a level 1 spell: Shock
  6187 | D:3      | Reached XP level 7. HP: 56/56 MP: 0/15
  6708 | D:3      | Reached * piety under Qazlal
  6721 | D:3      | Noticed Robin
  6730 | D:3      | Killed Robin
  6876 | D:3      | Found an opulent altar of Gozag.
  7485 | D:5      | Found a hide-covered altar of Uskayaw.
  7595 | D:5      | Reached XP level 8. HP: 33/63 MP: 16/16
  8660 | D:6      | Found a sparkling altar of Nemelex Xobeh.
  8824 | D:6      | Reached ** piety under Qazlal
  9449 | D:6      | Found a staircase to the Ecumenical Temple.
  9580 | D:7      | Found Konoe's Elemental Accessories.
 10223 | D:7      | Reached XP level 9. HP: 58/69 MP: 18/18
 11679 | D:6      | Reached skill level 5 in Throwing
 11679 | D:6      | Reached skill level 5 in Armour
 12406 | D:8      | Noticed a hornet
 12419 | D:7      | Killed a hornet
 12462 | D:7      | HP: 4/106 [poisoned by a killer bee]
 12465 | D:7      | HP: 1/106 [poisoned by a killer bee]
 12468 | D:7      | Gained mutation: You tend to lose your temper in combat.
                  | [potion of mutation]
 12468 | D:7      | Succumbed to a killer bee's poison

Illustrated notes

Levels and vault maps discovered:
D:1:      eino_arrival_water_cross, layout_basic,
          shapermc_ecumenical_altar_notcrosses
D:2:      layout_basic
D:3:      layout_rooms, lemuel_tele_altar, mainiacjoe_overflow_alcove_4,
          mainiacjoe_overflow_cross_hatched, general_overflow_altar,
          uniq_jessica, uniq_robin
D:4:      layout_loops_ring, lemuel_crystal_altar, gammafunk_ghost_stat_death,
          serial_shops, nicolae_square_shop
D:5:      layout_gridville, lemuel_round_altar
D:6:      layout_rooms, lemuel_crystal_altar, lemuel_temple_firewalk_a,
          nicolae_water_bricks
D:7:      layout_gridville, nicolae_elemental_shop, kennysheep_generic_room_4
D:8:      due_chaos_kobolds, layout_cave_pools, chei_slow_surprise,
          kennysheep_small_spiral

Skill      XL: |  1  2  3  4  5  6  7  8  9 |
---------------+----------------------------+-----
Spellcasting   | 5 6 |  6.8
Invocations    | 1 2 3 4 |  4.9
Short Blades   | 1 2 3 4 |  4.4
Long Blades    | 1 2 3 4 |  4.4
Axes           | 1 2 3 4 |  4.4
Polearms       | 1 2 3 4 |  4.4
Staves         | 1 2 3 4 |  4.4
Slings         | 1 2 3 4 |  4.4
Bows           | 1 2 3 4 |  4.4
Crossbows      | 1 2 3 4 |  4.4
Stealth        | 1 2 3 4 |  4.4
Shields        | 1 2 3 4 |  4.4
Unarmed Combat | 1 2 3 4 |  4.4
Evocations     | 1 2 3 4 |  4.4
Conjurations   | 1 2 3 |  3.6
Hexes          | 1 2 3 |  3.6
Summonings     | 1 2 3 |  3.6
Necromancy     | 1 2 3 |  3.6
Transmutations | 1 2 3 |  3.6
Fire Magic     | 1 2 3 |  3.6
Ice Magic      | 1 2 3 |  3.6
Air Magic      | 1 2 3 |  3.6
Earth Magic    | 1 2 3 |  3.6
Poison Magic   | 1 2 3 |  3.6
Throwing       | 3 4 5 |  5.2
Armour         | 3 4 5 |  5.2
Fighting       | 5 6 |  6.4
Maces & Flails | 5 6 |  6.4
Dodging        | 5 6 |  6.4
Translocations | 6 |  6.6

Action                   |  1- 3 |  4- 6 |  7- 9 || total
-------------------------+-------+-------+-------++-------
Melee: Mace              |   145 |    99 |       ||   244
       Bite              |     4 |    27 |    56 ||    87
       Dagger            |       |   221 |   506 ||   727
       Punch             |       |     1 |     5 ||     6
Throw: Boomerang         |       |     2 |       ||     2
 Cast: Shock             |       |    10 |    95 ||   105
       Blink             |       |     6 |    27 ||    33
Invok: Upheaval          |       |       |     2 ||     2
Evoke: Wand              |       |       |    15 ||    15
  Use: Potion            |     1 |     2 |     8 ||    11
       Scroll            |       |     2 |     1 ||     3
 Stab: Sleeping          |       |     4 |       ||     4
       Distracted        |       |     1 |       ||     1
Armor: Leather armour    |    40 |    12 |       ||    52
       Skin              |    24 |     9 |    47 ||    80
       Robe              |       |    49 |    91 ||   140
       Steam dragon scal |       |       |    11 ||    11
Dodge: Dodged            |    82 |   237 |   293 ||   612
Block: Other             |       |       |    28 ||    28

Table legend: (Time is in decaauts)
 A = Elapsed time spent in this place.
 B = Non-inter-level travel time spent in this place.
 C = Inter-level travel time spent in this place.
 D = Time resting spent in this place.
 E = Time spent auto-exploring this place.
 F = Levels seen in this place.
 G = Mean time per level.
                   A        B        C        D        E       F      G
               +--------+--------+--------+--------+--------+-----+--------+
         Total |  12411 |  11994 |    417 |   3304 |   6688 |   8 | 1551.4 |
       Dungeon |  12411 |  11994 |    417 |   3304 |   6688 |   8 | 1551.4 |
               +--------+--------+--------+--------+--------+-----+--------+

Top non-repeatable levels by time:
     D:7: 2387 daAuts
     D:5: 2079 daAuts
     D:1: 1981 daAuts
     D:2: 1498 daAuts
     D:4: 1495 daAuts
     D:3: 1490 daAuts
     D:6: 1472 daAuts
     D:8: 4 daAuts
